 Dungeon Crawl Stone Soup version 0.29.1-15-g9cfb28693d (webtiles) character file.

Game seed: 13141488511331812814

545 dobroeutro the Cudgeller (level 7, 0/41 HPs)
             Began as a Gargoyle Fighter on Apr 22, 2023.
             Was an Initiate of Okawaru.
             Killed by an exploding ogre (21 damage)
             ... ignited by their inner flame
             ... on level 5 of the Dungeon.
             The game lasted 00:05:51 (5399 turns).

dobroeutro the Cudgeller (Gargoyle Fighter)         Turns: 5399, Time: 00:05:51

Health: 0/41       AC: 15    Str: 22    XL:     7   Next: 27%
Magic:  7/7        EV:  8    Int:  8    God:    Okawaru [......]
Gold:   296        SH:  7    Dex:  9    Spells: 6/6 levels left

rFire   . . .      SeeInvis .   a - +1 flail (drain)
rCold   . . .      Faith    .   s - +0 kite shield
rNeg    + . .      Spirit   .   b - +0 scale mail
rPois   ∞          Reflect  .   x - +0 helmet
rElec   +          Harm     .   j - +0 cloak
rCorr   .          Rampage  .   h - +0 pair of gloves
Will    .....                   (no boots)
Stlth   ..........              (no amulet)
HPRegen 0.13/turn               (no ring)
MPRegen 0.10/turn               (no ring)

@: no status effects
A: sickness immunity, AC +4, negative energy resistance 1, electricity
resistance, torment resistance 1, petrification resistance
a: Renounce Religion


You were on level 5 of the Dungeon.
You worshipped Okawaru.
Okawaru was noncommittal.
You visited 2 branches of the dungeon, and saw 6 of its levels.
You also visited: Sewer.

You collected 296 gold pieces.

Inventory:

Hand Weapons
 a - a +1 flail of draining (weapon)
Missiles
 n - a throwing net (quivered)
Armour
 b - a +0 scale mail (worn)
 c - a +0 buckler
 h - a +0 pair of gloves (worn)
 j - a +0 cloak (worn)
 s - a +0 kite shield (worn)
 x - a +0 helmet (worn)
Wands
 w - a wand of roots (3)
Scrolls
 k - a scroll of magic mapping
 l - 11 scrolls of identify
 o - a scroll of teleportation
Potions
 d - 2 potions of might
 e - a potion of flight {unknown}
 f - 3 potions of ambrosia
 g - a potion of invisibility {unknown}
 i - 4 potions of curing {unknown}
 m - a potion of degeneration {unknown}
 q - a potion of cancellation {unknown}
 r - 3 potions of lignification {unknown}
 u - 2 potions of brilliance {unknown}
 z - 2 potions of heal wounds {unknown}
 A - a potion of haste {unknown}


   Skills:
 - Level 3.2 Fighting
 + Level 7.8 Maces & Flails
 - Level 3.2 Armour
 - Level 3.2 Shields


You had 6 spell levels left.
You didn't know any spells.
Your spell library contained the following spells:

 Spells                   Type           Power      Damage    Failure   Level
 Conjure Flame            Conj/Fire      0%         6-21      100%        3
 Gell's Gravitas          Tloc           0%         N/A       100%        3
 Ignite Poison            Fire/Tmut/Pois 0%         N/A       100%        3
 Portal Projectile        Hex/Tloc       0%         N/A       100%        3
 Teleport Other           Tloc           0%         N/A       100%        3
 Sticky Flame             Conj/Fire      0%         2d3       100%        4
 Yara's Violent Unravell  Hex/Tmut       0%         3d3       100%        5
 Dispersal                Tloc           0%         N/A       100%        6
 Summon Mana Viper        Hex/Summ       Unusable   N/A       N/A         5
 Statue Form              Tmut/Erth      Unusable   N/A       N/A         6

Dungeon Overview and Level Annotations

Branches:
Dungeon (5/15)             Temple (1/1) D:4           Sewer (visited)

Altars:
Cheibriados
Elyvilon
Fedhas
Gozag
Hepliaklqana
Makhleb
Okawaru
Qazlal
Wu Jian
Yredelemnul

Shops:
D:3 !

Annotations:
D:3 1 runed translucent door, Crazy Yiuf


Innate Abilities, Weirdness & Mutations

You are immune to sickness and miasma.
Your stone body is resilient. (AC +4)
You are immune to poison.
You resist negative energy. (rN+)
You are resistant to electric shocks. (rElec)
You are resistant to unholy torment.
You are immune to petrification.


Message History

An ogre is nearby!
An ogre is nearby!
Found an escape hatch in the ceiling.
You block the ogre's attack.
You thump the ogre! You drain the ogre.
The ogre is heavily wounded.
The ogre hits you with a +0 giant club.
You sock the ogre! You drain the ogre.
You kill the ogre!
Okawaru accepts your kill.
No target in view!
No target in view!
HP restored.
You now have 296 gold pieces (gained 11).
r - 3 dark potions (gained 1)
t - a scroll labelled SESYIM XODGH An ogre comes into view.
It is wielding a +0 giant club.
The ogre shouts!
Blink to where?
Press: ? - help, Dir - move target
As you read the scroll labelled POELUIG HIUFF, it crumbles to dust.
It was a scroll of blinking.
As you read the scroll labelled SESYIM XODGH, it crumbles to dust.
The creatures around you are filled with an inner flame!
It was a scroll of immolation.
No target in view!
You closely miss the ogre. You block the ogre's attack.
You hit the ogre.
Flame seeps out of the ogre.
The ogre is lightly wounded.
The ogre is engulfed in blazing flames.
Flame seeps out of the ogre.
The ogre hits you with a +0 giant club!!
Ouch! That really hurt!
You are too injured to fight recklessly!
The ogre is engulfed in blazing flames.
Flame seeps out of the ogre.
You thump the ogre! Okawaru accepts your kill.
The ogre explodes!
The fiery explosion engulfs you!!
Ouch! That really hurt!
You die...

##..........# #......#
###.........#####......#
#...........##..†#....##
#....#....)......#....#
#................#....#
#####..........###....+
##...§.§...###....#
###.§§§.....#....#
###§@####.###.## ###.
#..# .# #.##..... #..# #
# #....#
#..####.###.##.#
##.............#
###....##..####
#(...><..# #.#....###
####.#


There were no monsters in sight!

Vanquished Creatures
  Pargi (Sewer)
  2 ogres (D:5)
  A hound (D:4)
  A gnoll bouda (D:4)
  Terence (D:3)
  Robin (D:3)
  7 adders
  8 gnolls
  2 river rats (D:4)
  3 worms
  A dart slug (D:4)
  7 orcs (D:4)
  10 ball pythons
  6 endoplasms
  3 giant cockroaches
  16 goblins
  6 hobgoblins
  3 jackals (D:1)
  10 kobolds
  6 quokkas
  4 bats
  4 frilled lizards
  4 rats
107 creatures vanquished.

Notes
Turn   | Place    | Note
-------+----------+-------------------------------------------
     0 | D:1      | dobroeutro the Gargoyle Fighter began the quest for the
                  | Orb.
     0 | D:1      | Reached XP level 1. HP: 14/14 MP: 1/1
   368 | D:1      | Reached XP level 2. HP: 1/19 MP: 2/2
   868 | D:1      | Reached skill level 3 in Maces & Flails
  1331 | D:2      | Reached XP level 3. HP: 23/23 MP: 3/3
  1591 | D:2      | Reached skill level 4 in Maces & Flails
  1804 | D:2      | Reached XP level 4. HP: 28/28 MP: 4/4
  2929 | D:3      | Found a runed translucent door.
  2930 | D:3      | Noticed Crazy Yiuf
  2952 | D:3      | Found a basalt altar of Yredelemnul.
  2992 | D:3      | Reached skill level 5 in Maces & Flails
  2992 | D:3      | Reached XP level 5. HP: 24/32 MP: 5/5
  3328 | D:3      | Noticed Terence
  3333 | D:3      | Killed Terence
  3397 | D:3      | Noticed Robin
  3437 | D:3      | Killed Robin
  3931 | D:3      | Found Loisiedi's Distillery.
  4150 | D:4      | Found a glowing drain.
  4165 | Sewer    | Entered a sewer
  4265 | Sewer    | Noticed Pargi
  4277 | Sewer    | Killed Pargi
  4278 | Sewer    | Reached skill level 6 in Maces & Flails
  4278 | Sewer    | Reached XP level 6. HP: 31/37 MP: 6/6
  4576 | D:4      | Reached skill level 7 in Maces & Flails
  4811 | D:4      | Found a staircase to the Ecumenical Temple.
  4820 | Temple   | Entered the Ecumenical Temple
  4830 | Temple   | Became a worshipper of Warmaster Okawaru
  4846 | D:4      | Got the Directory of the Cursed Quarry
  4877 | D:4      | Reached XP level 7. HP: 38/41 MP: 7/7
  4906 | D:4      | Found a blossoming altar of Fedhas.
  5295 | D:5      | Entered Level 5 of the Dungeon
  5399 | D:5      | Killed by an exploding ogre... ignited by their inner flame

Illustrated notes

Levels and vault maps discovered:
D:1:      lemuel_arrival_hallway, layout_basic
D:2:      layout_loops_corners, serial_rivers, chequers_serial_rivers_micro_b,
          chequers_serial_rivers_small_3, chequers_serial_rivers_large_b,
          chequers_serial_rivers_micro_a, chequers_serial_rivers_room_a,
          chequers_serial_rivers_micro_b, glass_columns_a,
          chequers_serial_rivers_room_b, minmay_circle_x
D:3:      layout_basic, yredelemnul_altar_generic, serial_shops, shop,
          kennysheep_small_spiral, uniq_robin, uniq_crazy_yiuf_cottage,
          uniq_terence
D:4:      layout_basic, mainiacjoe_overflow_cross_hatched,
          minmay_temple_entry_offerings, portal_sewer_entry_e,
          kennysheep_generic_room_8
D:5:      layout_basic, xom_butterflies
Temple:   hellmonk_temple_rainy

Skill      XL: |  1  2  3  4  5  6 |
---------------+-------------------+-----
Maces & Flails | 3 4 5 6 7 |  7.8
Fighting       | |  3.2
Armour         | |  3.2
Shields        | |  3.2

Action                   |  1- 3 |  4- 6 |  7- 9 || total
-------------------------+-------+-------+-------++-------
Melee: Flail             |   107 |   213 |    27 ||   347
  Use: Scroll            |       |    10 |     2 ||    12
Armor: Scale mail        |    62 |   137 |    11 ||   210
Dodge: Dodged            |    63 |    89 |     6 ||   158
Block: Buckler           |    19 |     2 |       ||    21
       Kite shield       |       |    91 |     7 ||    98
